cohdb
Replays
Latest Replays
All Replays
Popular Replays
Top Player Replays
Match Explorer
How It Works
Community
CoH3 Stats
Reddit
Sign in to upload your games and track your stats! →
Sign in with Steam
Match 42196493
Unlisted
Match 42196493
Overview
Messages
Build Orders
End
Selects Italian Combined Arms Battlegroup
Selects Bersaglieri Squad
Bersaglieri Squad
Panzerpioneer Squad
Bersaglieri Squad
Construct Light Support Kompanie
Selects Bersaglieri Bolster
Bersaglieri Squad
2.5-tonne Medical Truck
Fire Support Elements
Panzerjäger Mechanized Group
Flakvierling Half-track
Selects Breda Model 30 Light Machine Guns
Pak 38 Anti-tank Gun Team
Construct Panzerarmee Kommand
Armored Reserves
Selects Semovente da 75/18 Assault Gun
Panzer IV Assault Group
Emergency Repair Kits
Selects Strafing Run
Strafing Run
Selects Pact of Steel
Selects Artillery Cover
Strafing Run
Tiger Heavy Tank
Strafing Run
Artillery Cover
Strafing Run
Veteran Squad Leaders
Rapid Advance
Vehicle Survival Package
Artillery Cover
Tungsten Core Ammunition
Walking Stuka Rocket Launcher
Strafing Run
Bersaglieri Squad
Panzer IV Assault Group
Walking Stuka Rocket Launcher
Panzer III L Medium Tank
Panzer III L Medium Tank
Strafing Run
Pwnbot
大炮一响黄金万两
Voodoo408
WARlordS
LoCo|StetoGuy
Grumpy
WookieWenis
Blackraccooon
0
0
Comments
sign in to comment!
No comments posted yet!